 Dungeon Crawl Stone Soup version 0.30.0-3-ga4e48a9924 (webtiles) character file.

Game seed: 1749394765561892297

59955 mdonais the Transmogrifier (level 14, -9/89 HPs)
             Began as an Octopode Wanderer on May 7, 2023.
             Was a High Priest of Hepliaklqana.
             Mangled by an eight-headed hydra (14 damage)
             ... on level 4 of the Lair of Beasts.
             The game lasted 02:23:34 (26287 turns).

mdonais the Transmogrifier (Octopode Wanderer)     Turns: 26287, Time: 02:23:35

Health: -9/89      AC:  3    Str: 16    XL:     14   Next: 97%
Magic:  5/27       EV: 15    Int: 30    God:    Hepliaklqana [*****.]
Gold:   967        SH:  7    Dex: 14    Spells: 4/31 levels left

rFire   + . .        a - staff of air
rCold   + + +        y - +2 buckler
rNeg    . . .        m - +2 hat
rPois   .            r - amulet of regeneration
rElec   +            c - ring of protection from cold
rCorr   .            W - +6 ring of strength
SInv    +            Y - +6 ring of intelligence
Will    +....        f - ring of protection from fire
Stlth   ++++         E - ring of protection from cold
HPRegen 1.14/turn    L - ring of fire
MPRegen 0.20/turn    R - ring of the Mantidfly {rC+ Int+3 Dex+3 Slay+3 SInv}
                     t - ring of ice

%: no passive effects
@: no status effects
A: reduced essence, almost no armour, amphibious, 8 rings, camouflage 1,
gelatinous body 1, (nimble swimmer 1), tentacles
a: Renounce Religion, Recall Ancestor, Ancestor Identity, Transference, Idealise


You were on level 4 of the Lair of Beasts.
You worshipped Hepliaklqana.
Hepliaklqana was extremely pleased with you.
You visited 3 branches of the dungeon, and saw 16 of its levels.
You also visited: Sewer and Gauntlet.

You collected 1363 gold pieces.
You spent 396 gold pieces at shops.

Inventory:

Hand Weapons
 b - a +4 short sword of electrocution
   (You took it off Duvessa on level 5 of the Dungeon)
Missiles
 x - 6 silver javelins
 F - 7 curare-tipped darts (quivered)
 K - a boomerang of dispersal
 Z - 5 throwing nets {=!f}
Armour
 m - a +2 hat (worn)
 y - a +2 buckler (worn)
   (You found it on level 4 of the Dungeon)
Magical Staves
 a - a staff of air (weapon)
   (You found it on level 11 of the Dungeon)
 O - a staff of poison
   (You took it off a kobold on level 8 of the Dungeon)
Jewellery
 c - a ring of protection from cold (left tentacle)
   (You found it on level 4 of the Dungeon)
 f - a ring of protection from fire (on tentacle)
   (You found it on level 4 of the Lair of Beasts)
 g - a ring of resist corrosion
   (You found it on level 4 of the Lair of Beasts)
 p - a ring of flight
   (You found it on level 1 of the Lair of Beasts)
 r - an amulet of regeneration (around mantle)
   (You found it on level 9 of the Dungeon)
 t - a ring of ice (on tentacle)
   (You took it off Fannar on level 3 of the Lair of Beasts)
 E - a ring of protection from cold (on tentacle)
   (You found it in a Gauntlet)
 L - a ring of fire (on tentacle)
   (You took it off a death knight on level 11 of the Dungeon)
 R - the ring of the Mantidfly (on tentacle) {rC+ Int+3 Dex+3 Slay+3 SInv}
   (You found it in a Gauntlet)

   [ring of protection from cold]

   Int:       It affects your intelligence (+3).
   Dex:       It affects your dexterity (+3).
   Slay:      It affects your accuracy & damage with ranged weapons and melee
   (+3).
   rC:        It protects you from cold.
   SInv:      It lets you see invisible.
 W - a +6 ring of strength (right tentacle)
   (You found it on level 9 of the Dungeon)
 Y - a +6 ring of intelligence (on tentacle)
   (You found it on level 9 of the Dungeon)
Wands
 i - a wand of mindburst (12)
   (You found it on level 11 of the Dungeon)
 A - a wand of acid (9)
   (You took it off Ijyb on level 3 of the Dungeon)
 D - a wand of digging (6)
   (You found it in a Gauntlet)
 I - a wand of iceblast (8)
   (You found it on level 4 of the Lair of Beasts)
 J - a wand of charming (11)
   (You found it on level 7 of the Dungeon)
 V - a wand of flame (56)
   (You took it off a kobold on level 8 of the Dungeon)
Scrolls
 d - 3 scrolls of immolation
 j - 3 scrolls of fog
 l - a scroll of silence
 o - 2 scrolls of fear
 B - a scroll of blinking
 G - 3 scrolls of butterflies
 M - 2 scrolls of magic mapping
 N - 7 scrolls of poison
 T - 10 scrolls of teleportation
Potions
 e - a potion of magic
 h - 3 potions of ambrosia
 k - 3 potions of resistance
 n - a potion of heal wounds
 s - 2 potions of might
 u - a potion of brilliance
 v - 3 potions of lignification
 w - a potion of invisibility
 H - 3 potions of haste
 P - 3 potions of attraction
 Q - 7 potions of curing
 S - a potion of mutation
Miscellaneous
 q - a phantom mirror
   (You found it on level 11 of the Dungeon)
 z - a lightning rod (4/4)
   (You found it on level 1 of the Lair of Beasts)
 C - a condenser vane
   (You found it in a Gauntlet)
 U - a phial of floods
   (You found it on level 1 of the Lair of Beasts)
 X - a box of beasts
   (You found it on level 1 of the Lair of Beasts)


   Skills:
 - Level 10.0 Fighting
 - Level 2.0 Short Blades
 - Level 2.0 Throwing
 - Level 6.0 Dodging
 - Level 5.0 Stealth
 - Level 4.5 Shields
 - Level 2.0 Unarmed Combat
 - Level 9.0 Spellcasting
 - Level 6.0 Conjurations
 - Level 6.0 Summonings
 - Level 6.0 Translocations
 + Level 12.7 Transmutations
 - Level 6.0 Ice Magic
 - Level 10.0 Air Magic
 - Level 6.0 Poison Magic
 - Level 3.0 Evocations


You had 4 spell levels left.
You knew the following spells:

 Your Spells              Type           Power      Damage    Failure   Level
a - Shock                 Conj/Air       100%       1d9       1%          1
b - Freezing Cloud        Conj/Ice/Air   46%        6-21      7%          5
c - Mephitic Cloud        Conj/Pois/Air  72%        N/A       1%          3
d - Summon Lightning Spi  Summ/Air       75%        N/A       1%          4
e - Vhi's Electric Charg  Tloc/Air       100%       N/A       1%          3
f - Iskenderun's Mystic   Conj/Tloc      49%        2d11      4%          4
g - Dragon Form           Tmut           37%        N/A       22%         7

Your spell library contained the following spells:

 Spells                   Type           Power      Damage    Failure   Level
 Apportation              Tloc           98%        N/A       1%          1
 Beastly Appendage        Tmut           100%       N/A       1%          1
 Freeze                   Ice            100%       1d10      1%          1
 Sting                    Tmut/Pois      100%       1d8       1%          1
 Summon Small Mammal      Summ           100%       N/A       1%          1
 Cigotuvi's Dreadful Rot  Necr/Pois/Air  100%       N/A       1%          2
 Poisonous Vapours        Pois/Air       100%       N/A       1%          2
 Wereblood                Tmut           74%        N/A       1%          2
 Frozen Ramparts          Ice            100%       1d16      1%          3
 Hailstorm                Conj/Ice       65%        3d14      1%          3
 Ignite Poison            Fire/Tmut/Pois 66%        N/A       1%          3
 Spider Form              Tmut/Pois      62%        N/A       1%          3
 Ensorcelled Hibernation  Hex/Ice        94%        N/A       2%          2
 Necrotise                Necr           52%        1d6       4%          1
 Dazzling Flash           Conj/Hex       62%        N/A       4%          3
 Summon Guardian Golem    Hex/Summ       31%        N/A       4%          3
 Volatile Blastmotes      Fire/Tloc      94%        2d17      4%          3
 Olgreb's Toxic Radiance  Pois           49%        N/A       4%          4
 Inner Flame              Hex/Fire       20%        N/A       14%         3
 Flame Wave               Conj/Fire      47%        2d12      14%         4
 Sticky Flame             Conj/Fire      47%        2d6       14%         4
 Anguish                  Hex/Necr       6%         N/A       43%         4
 Cause Fear               Hex            6%         N/A       43%         4
 Blade Hands              Tmut           37%        N/A       1%          5
 Irradiate                Conj/Tmut      31%        3d22      3%          5
 Starburst                Conj/Fire      23%        6d8       91%         6
 Orb of Destruction       Conj           24%        9d9       98%         7
 Spellforged Servitor     Conj/Summ      24%        N/A       98%         7
 Dragon's Call            Summ           24%        N/A       100%        9


Dungeon Overview and Level Annotations

Branches:
Dungeon (11/15) Zot: 25288  Temple (1/1) D:7 Zot: 5847    Lair (4/5) D:11 Zot: 17481
  Swamp (0/4) Lair:3        Snake (0/4) Lair:3          Orc (0/2) D:11
  Sewer (visited)         Gauntlet (visited)
  Slime: Lair:4-5

Altars:
Ashenzari
Cheibriados
Dithmenos
Elyvilon
Fedhas
Gozag
Hepliaklqana
Kikubaaqudgha
Makhleb
Nemelex Xobeh
Okawaru
Qazlal
Ru
Sif Muna
Trog
Uskayaw
Vehumet
Wu Jian
Xom
Yredelemnul
Zin
The Shining One

Shops:
D:1 :   D:4 !   D:7 (

Annotations:
Lair:3 Nessos


Innate Abilities, Weirdness & Mutations

Your life essence is reduced to manifest your ancestor. (-10% HP)
You cannot wear most types of armour.
You are amphibious.
You can wear up to eight rings at the same time.
Your skin changes colour to match your surroundings (Stealth+).
Your rubbery body absorbs attacks. (AC +1, EV +1)
((You are camouflaged when in or above water. (Stealth+)))
You have tentacles for arms and can constrict up to eight enemies at once.


Message History

The yak barely misses Yermak.
Yermak hits the yak with a +0 dagger of draining!
Yermak barely misses the yak.
The yak gores Yermak.
Your lightning spire shoots out a bolt of lightning at the yak!
The bolt of electricity hits the yak.
Yermak hits the yak with a +0 dagger of draining!
The yak dies!
You start resting.
Your lightning spire disappears in a puff of smoke!
Your magical contamination has completely faded away.
You regained 2 mp, and now have 8/27 mp.
You start resting.
Magic restored.
MP restored: 27 You swap places.
g - a ring of resist corrosion;
P - 3 potions of attraction
Found a helmet.
There is a stone staircase leading down here.
There is an open door here.
You swap places.
You see here a +0 ring mail.
An electric eel comes into view.
The electric eel shoots out a bolt of lightning at you!
The bolt of electricity hits the plant.
The plant begins to die.
The bolt of electricity hits the plant!
The plant begins to die.
The bolt of electricity hits the plant!
The plant begins to die.
The bolt of electricity misses you.
You hear an angry hiss.
You see here 13 gold pieces.
A water moccasin comes into view.
Casting: Freezing Cloud (dangerous; 7% risk of failure)
Confirm with . or Enter, or press ? or * to list all spells.
You feel a surge of power!
An electric hum fills the air.
The electric eel shoots out a bolt of lightning at you!
The bolt of electricity hits the plant.
The plant begins to die.
The bolt of electricity hits the plant!
The plant begins to die.
The bolt of electricity hits you. You resist.
An electric eel comes into view.
You hear a roar!
You take 2 damage, and have 87/89 hp.
You now have 23/27 mp.
Casting: Summon Lightning Spire (dangerous; 1% risk of failure)
Confirm with . or Enter, or press ? or * to list all spells.
Aiming: Freezing Cloud (dangerous; 7% risk of failure)
Press: ? - help, Dir - move target, f - water moccasin
Aim: a water moccasin You feel a strong surge of power!
The water moccasin is engulfed in freezing vapours.
The electric eel shoots out a bolt of lightning at you!
The bolt of electricity hits the electric eel.
The electric eel completely resists.
The bolt of electricity hits the plant!
The bolt of electricity hits you. You resist.
An eight-headed hydra comes into view.
The water moccasin is engulfed in freezing vapours.
You take 2 damage, and have 85/89 hp.
You now have 18/27 mp.
A nearby plant withers and dies.
The electric eel shoots out a bolt of lightning at you!
The bolt of electricity hits the plant!
The bolt of electricity hits you. You resist.
You take 1 damage, and have 84/89 hp.
Casting: Freezing Cloud (dangerous; 7% risk of failure)
Confirm with . or Enter, or press ? or * to list all spells.
Aiming: Freezing Cloud (dangerous; 7% risk of failure)
Press: ? - help, Dir - move target, f/p - water moccasin
Aim: a water moccasin (heavily wounded)
You feel a strong surge of power!
Really fire in your lightning spire's direction?
A nearby plant withers and dies. x2
The plant is engulfed in freezing vapours.
The water moccasin is engulfed in freezing vapours.
The water moccasin seems to slow down.
Your lightning spire is engulfed in freezing vapours.
Your lightning spire shoots out a bolt of lightning at the electric eel!
The bolt of electricity hits the eight-headed hydra!
The bolt of electricity hits the electric eel.
The electric eel completely resists.
You hear a bleat!
You regained 2 hp, and now have 86/89 hp.
You now have 13/27 mp.
A nearby plant withers and dies.
The plant is engulfed in freezing vapours.
The water moccasin is engulfed in freezing vapours.
The water moccasin seems to slow down.
You kill the water moccasin!
Your lightning spire is engulfed in freezing vapours.
Your lightning spire shoots out a bolt of lightning at the electric eel!
The bolt of electricity hits the eight-headed hydra!
The bolt of electricity hits the electric eel.
The electric eel completely resists.
A dream sheep comes into view.
The plant is engulfed in freezing vapours.
A nearby plant withers and dies.
Yermak casts a spell at the electric eel.
The electric eel struggles to resist.
Your lightning spire is engulfed in freezing vapours.
Casting: Freezing Cloud (dangerous; 7% risk of failure)
Confirm with . or Enter, or press ? or * to list all spells.
Aiming: Freezing Cloud (dangerous; 7% risk of failure)
Press: ? - help, Dir - move target You feel a strong surge of power!
The plant is engulfed in freezing vapours.
The plant begins to die.
The plant is engulfed in freezing vapours.
The plant begins to die.
The eight-headed hydra is engulfed in freezing vapours.
You block the eight-headed hydra's attack. x2
The eight-headed hydra bites you! The eight-headed hydra bites you.
The eight-headed hydra bites you!
The eight-headed hydra completely misses you.
The eight-headed hydra bites you! The eight-headed hydra bites you.
Yermak points at the electric eel and mumbles some strange words.
The electric eel appears confused.
The electric eel is engulfed in freezing vapours.
The electric eel seems to slow down.
You kill the electric eel!
The electric eel is engulfed in freezing vapours.
You take 50 damage, and have 38/89 hp.
MASSIVE DAMAGE!!
You now have 9/27 mp.
Unknown command.
Okay, then.
Unknown command.
Unknown command.
Casting: Freezing Cloud (dangerous; 7% risk of failure)
Confirm with . or Enter, or press ? or * to list all spells.
Really blast near your lightning spire?
You erupt in a blast of force!
The mystic blast hits your lightning spire.
Your lightning spire is lightly damaged.
The mystic blast hits the plant!
The plant begins to die.
The plant is lightly damaged.
The mystic blast hits the fungus!
The fungus begins to die.
The fungus is lightly damaged.
The mystic blast hits the eight-headed hydra!!
The eight-headed hydra is severely wounded.
Your lightning spire disappears in a puff of smoke!
You hear a bleat! x2
The plant is engulfed in freezing vapours. x2
Yermak gestures at the electric eel while chanting.
The electric eel struggles to resist.
The eight-headed hydra is engulfed in freezing vapours.
The eight-headed hydra seems to slow down.
You block the eight-headed hydra's attack.
The eight-headed hydra bites you! x2
* * * LOW HITPOINT WARNING * * *
The eight-headed hydra bites you.
* * * LOW HITPOINT WARNING * * *
The eight-headed hydra bites you.
* * * LOW HITPOINT WARNING * * *
The eight-headed hydra bites you.
* * * LOW HITPOINT WARNING * * *
The eight-headed hydra misses you. The eight-headed hydra bites you!
You die...

≈≈≈≈≈P~P♣ P≈≈≈~~~P#
~~~SP~~P~ P~~§§PP~#
~~~~§RP~## ~.YP§§§P~
#### .§§§§§D~###P.##
.§§§§§§@$P....# #.#
.§§§.§§....#..######..#
.#........P#......#.#.##
#...##.....##....###...#
#.. #######............
#. ###...##..... #
###.##..##.....#
#.##.....####.##
......<.........


You could see the friendly Yermak the hexer, an eight-headed hydra (slow), a
dream sheep and an electric eel (confused, ally target).

Vanquished Creatures
  A dire elephant (Lair:1)
  2 hydras
  A catoblepas (Lair:1)
  3 boulder beetles
  Erica (D:9)
  4 two-headed ogres
  2 tengu warriors
  A hell hog (Gauntlet)
  A skyshark (Lair:4)
  Pikel (D:4)
  A deep elf pyromancer (D:9)
  An oklob plant (Lair:3)
  A cyclops (D:11)
  3 elephants
  3 cane toads
  A torpor snail (Lair:4)
  A kobold demonologist (D:11)
  Maggie (D:8)
  2 komodo dragons (Lair:3)
  A troll (D:10)
  A tyrant leech (Lair:3)
  Grinder (D:3)
  3 blink frogs (Lair:4)
  2 hornets
  A slime creature (D:9)
  A shadow (D:11)
  Eustachio (D:6)
  A basilisk (Lair:4)
  2 wraiths
  13 yaks
  A spriggan (Lair:1)
  4 fire bats (Gauntlet)
  2 wyverns
  A steam dragon (D:9)
  3 swamp worms (Lair:3)
  5 water moccasins
  5 hell hounds (Gauntlet)
  2 acid dragons (D:9)
  A sky beast (D:7)
  2 orc warriors (D:11)
  4 black bears
  2 ogres (D:5)
  23 wolves
  A phantom (D:4)
  6 centaurs
  A lemure (D:4)
  A bullfrog (D:6)
  A gnoll sergeant (D:7)
  4 scorpions
  2 wights
  Dowan (D:5)
  3 killer bees
  2 howler monkeys
  4 electric eels
  A jelly (D:6)
  4 hounds
  2 orc priests
  3 iguanas
  4 orc wizards
  An ancestor (D:5)
  7 gnolls
  8 adders
  2 white imps
  A worm (D:3)
  2 dart slugs
  9 orcs
  11 endoplasms
  8 giant cockroaches
  6 hobgoblins
  9 jackals
  16 kobolds
  4 quokkas
  12 ball pythons
  9 bats
  4 frilled lizards
  6 goblins
  7 rats
275 creatures vanquished.

Vanquished Creatures (collateral kills)
  A minotaur (Gauntlet)
  Fannar (Lair:3)
  4 hydras
  A death knight (D:11)
  3 two-headed ogres
  A boulder beetle (D:9)
  Urug (Lair:4)
  A soul eater (Gauntlet)
  Sonja (D:11)
  A skyshark (Lair:3)
  2 skeletal warriors
  A fire crab (Gauntlet)
  A deep elf pyromancer (D:9)
  20 elephants
  2 cyclopes (D:11)
  2 black mambas
  A torpor snail (Lair:4)
  4 cane toads
  Joseph (D:8)
  A kobold demonologist (D:11)
  2 komodo dragons
  2 rime drakes (Lair:3)
  2 polar bears
  Prince Ribbit (D:7)
  A tyrant leech (Lair:3)
  2 blink frogs (Lair:4)
  A slime creature (D:9)
  A shadow (D:11)
  A vampire (D:11)
  2 wraiths
  6 wyverns
  16 yaks
  A basilisk (D:9)
  A steam dragon (D:10)
  3 fire bats (Gauntlet)
  2 vampire mosquitoes (D:11)
  A swamp worm (Lair:3)
  2 acid dragons
  5 water moccasins
  Duvessa (D:5)
  2 orc warriors
  An ice beast (D:8)
  A black bear (D:6)
  20 wolves
  6 centaurs
  A lemure (D:3)
  A phantom (D:6)
  7 bullfrogs
  5 gnoll sergeants
  3 kobold brigands
  10 wights
  4 killer bees
  2 howler monkeys
  A nameless horror (D:9)
  5 hounds
  A jelly (D:6)
  3 orc priests
  3 gnoll boudas (D:7)
  Crazy Yiuf (D:6)
  Ijyb (D:3)
  2 iguanas
  8 orc wizards
  A sleepcap (D:5)
  21 gnolls
  4 adders
  3 shadow imps
  A white imp (D:6)
  An ufetubus (D:7)
  12 orcs
  2 jackals
  6 kobolds (D:8)
  A butterfly (Lair:4)
243 creatures vanquished.

Vanquished Creatures (others)
  20 hexers
  2 ancestors
  2 demonic plants
  19 fungi
  51 plants
  6 toadstools (Lair:1)
100 creatures vanquished.

Grand Total: 618 creatures vanquished

Notes
Turn   | Place    | Note
-------+----------+-------------------------------------------
     0 | D:1      | mdonais the Octopode Wanderer began the quest for the Orb.
     0 | D:1      | mdonais set off with the following items: a +0 dagger, a
                  | potion of heal wounds, a +0 hat; and the following spells
                  | available to memorise: Shock, Sting, Vhi's Electric Charge,
                  | Mephitic Cloud, Summon Lightning Spire.
     0 | D:1      | Reached XP level 1. HP: 11/11 MP: 2/2
     2 | D:1      | Learned a level 1 spell: Sting
     4 | D:1      | Learned a level 1 spell: Shock
   253 | D:1      | Reached XP level 2. HP: 17/17 MP: 0/4
   548 | D:1      | Found Naddayrgh's Book Boutique.
   694 | D:1      | Found a faded altar of an unknown god.
   982 | D:1      | Reached skill level 1 in Fighting
   982 | D:1      | Reached XP level 3. HP: 23/23 MP: 2/6
  1283 | D:2      | Learned a level 3 spell: Mephitic Cloud
  2022 | D:2      | Reached XP level 4. HP: 29/29 MP: 2/7
  2480 | D:3      | Noticed Grinder
  2480 | D:3      | Noticed Ijyb
  3156 | D:3      | Found a shimmering blue altar of Sif Muna.
  3177 | D:3      | Reached skill level 1 in Short Blades
  3177 | D:3      | Reached XP level 5. HP: 34/34 MP: 1/8
  3265 | D:3      | Found a hazy altar of Hepliaklqana.
  3273 | D:3      | Became a worshipper of Hepliaklqana the Forgotten
  3283 | D:3      | Found a broken altar of Ashenzari.
  3554 | D:3      | Reached skill level 1 in Conjurations
  3633 | D:4      | Found a glowing drain.
  3752 | D:4      | Found Boimn's Distillery.
  3760 | D:4      | Bought a potion of curing for 33 gold pieces
  3760 | D:4      | Bought a potion of berserk rage for 55 gold pieces
  3760 | D:4      | Bought a potion of heal wounds for 55 gold pieces
  3809 | Sewer    | Entered a sewer
  3909 | Sewer    | Noticed a water moccasin
  3922 | Sewer    | Killed a water moccasin
  3923 | Sewer    | Reached XP level 6. HP: 39/39 MP: 6/10
  4263 | D:3      | Paralysed by Grinder for 2 turns
  4266 | D:3      | Killed Grinder
  4267 | D:3      | Reached XP level 7. HP: 45/45 MP: 11/11
  4309 | D:3      | Learned a level 3 spell: Vhi's Electric Charge
  4314 | D:3      | Learned a level 4 spell: Summon Lightning Spire
  4599 | D:4      | Reached * piety under Hepliaklqana
  5035 | D:4      | Reached skill level 1 in Translocations
  5263 | D:4      | Noticed Pikel
  5332 | D:3      | Killed Ijyb
  5479 | D:4      | Bought a potion of invisibility for 88 gold pieces
  5622 | D:4      | Killed Pikel
  5623 | D:4      | Reached skill level 5 in Air Magic
  5623 | D:4      | Reached XP level 8. HP: 16/46 MP: 7/12
  6011 | D:4      | Found Boimn's Distillery.
  6209 | D:5      | Entered Level 5 of the Dungeon
  6342 | D:5      | Learned a level 2 spell: Poisonous Vapours
  6409 | D:5      | Noticed Duvessa
  6423 | D:5      | Noticed Dowan
  6426 | D:5      | Killed Duvessa
  6985 | D:5      | Found a sacrificial altar of Ru.
  7118 | D:5      | Killed Dowan
  7119 | D:5      | Reached skill level 5 in Summonings
  7122 | D:5      | Reached XP level 9. HP: 29/50 MP: 0/15
  7786 | D:6      | Noticed Eustachio
  7925 | D:6      | Killed Eustachio
  7926 | D:6      | Reached skill level 5 in Poison Magic
  8129 | D:6      | Reached ** piety under Hepliaklqana
  8130 | D:6      | Remembered your ancestor Yermak as a hexer
  8167 | D:6      | Reached skill level 5 in Spellcasting
  8262 | D:6      | Reached skill level 1 in Shields
  8656 | D:6      | Found a runed translucent door.
  8657 | D:6      | Noticed Crazy Yiuf
  9018 | D:6      | Killed Crazy Yiuf
  9399 | D:7      | Found Xodon's Antique Weapon Emporium.
  9881 | D:7      | Upgraded the game from 0.30.0 to 0.30.0-3-ga4e48a9924
 10036 | D:7      | Reached XP level 10. HP: 56/56 MP: 8/17
 10535 | D:7      | Noticed Prince Ribbit
 10540 | D:7      | Killed Prince Ribbit
 10666 | D:7      | Found a staircase to the Ecumenical Temple.
 10674 | Temple   | Entered the Ecumenical Temple
 11300 | D:8      | Noticed Joseph
 11305 | D:8      | Noticed a two-headed ogre
 11306 | D:8      | Killed Joseph
 11307 | D:8      | Reached skill level 1 in Evocations
 11313 | D:8      | Killed a two-headed ogre
 11571 | D:8      | Reached *** piety under Hepliaklqana
 11597 | D:8      | Reached skill level 5 in Fighting
 12082 | D:8      | Noticed Maggie
 12092 | D:8      | Killed Maggie
 12313 | D:8      | Reached XP level 11. HP: 64/64 MP: 13/20
 13206 | D:4      | Bought a potion of resistance for 110 gold pieces
 13206 | D:4      | Bought a potion of heal wounds for 55 gold pieces
 13277 | D:9      | Noticed a two-headed ogre
 13285 | D:9      | Killed a two-headed ogre
 13577 | D:9      | Noticed a two-headed ogre
 13586 | D:9      | Killed a two-headed ogre
 14193 | D:9      | Learned a level 4 spell: Iskenderun's Mystic Blast
 14281 | D:9      | Noticed a boulder beetle
 14291 | D:9      | Killed a boulder beetle
 14292 | D:9      | Reached skill level 5 in Stealth
 14427 | D:9      | Noticed a skeletal warrior
 14494 | D:9      | Killed a skeletal warrior
 14590 | D:9      | Reached **** piety under Hepliaklqana
 14716 | D:9      | Noticed a boulder beetle
 14727 | D:9      | Killed a boulder beetle
 14820 | D:9      | Reached skill level 5 in Dodging
 14827 | D:9      | Noticed a deep elf pyromancer
 14833 | D:9      | Killed a deep elf pyromancer
 14835 | D:9      | Noticed a tengu warrior
 14836 | D:9      | Noticed a deep elf pyromancer
 14853 | D:9      | Killed a deep elf pyromancer
 15006 | D:9      | Killed a tengu warrior
 15276 | D:9      | Reached skill level 5 in Conjurations
 15276 | D:9      | Reached XP level 12. HP: 37/72 MP: 14/22
 15290 | D:9      | Noticed a four-headed hydra
 15315 | D:9      | Killed a four-headed hydra
 15316 | D:9      | Reached skill level 5 in Translocations
 15670 | D:9      | Noticed Erica
 15678 | D:9      | Killed Erica
 16195 | D:10     | Entered Level 10 of the Dungeon
 16195 | D:10     | Noticed a two-headed ogre
 16195 | D:10     | Noticed a two-headed ogre
 16244 | D:10     | Killed a two-headed ogre
 16461 | D:10     | Killed a two-headed ogre
 16463 | D:10     | Noticed a two-headed ogre
 16610 | D:10     | Killed a two-headed ogre
 16857 | D:10     | Found a shadowy altar of Dithmenos.
 16860 | D:10     | Found a glowing silver altar of Zin.
 16864 | D:10     | Found a sparkling altar of Nemelex Xobeh.
 17031 | D:10     | Found a blossoming altar of Fedhas.
 17134 | D:10     | Found an ancient bone altar of Kikubaaqudgha.
 17149 | D:10     | Found a white marble altar of Elyvilon.
 17302 | D:11     | Reached skill level 1 in Unarmed Combat
 17586 | D:11     | Noticed a two-headed ogre
 17722 | D:11     | Killed a two-headed ogre
 17808 | D:11     | Noticed a death knight
 17819 | D:11     | Killed a death knight
 17896 | D:11     | Reached skill level 10 in Air Magic
 17905 | D:11     | Noticed a boulder beetle
 17913 | D:11     | Killed a boulder beetle
 17964 | D:11     | Reached XP level 13. HP: 81/81 MP: 11/25
 18126 | D:11     | Learned a level 7 spell: Dragon Form
 18258 | D:11     | Noticed Sonja
 18272 | D:11     | Killed Sonja
 18273 | D:11     | Reached skill level 10 in Fighting
 18283 | D:11     | Reached skill level 2 in Transmutations
 18620 | D:11     | Found a staircase to the Orcish Mines.
 18627 | D:11     | Found a white marble altar of Elyvilon.
 18702 | D:11     | Found a staircase to the Lair.
 18944 | D:11     | Learned a level 5 spell: Freezing Cloud
 18999 | Lair:1   | Entered Level 1 of the Lair of Beasts
 19153 | Lair:1   | Reached skill level 1 in Ice Magic
 19514 | Lair:1   | Reached skill level 5 in Ice Magic
 19514 | Lair:1   | Reached skill level 3 in Transmutations
 19761 | Lair:1   | Reached skill level 4 in Transmutations
 20131 | Lair:1   | Noticed a dire elephant
 20152 | Lair:1   | Found a runed translucent door.
 20746 | Lair:1   | Reached skill level 5 in Transmutations
 20773 | Lair:1   | Killed a dire elephant
 21185 | Lair:2   | Reached skill level 6 in Transmutations
 21402 | Lair:2   | Found a sacrificial altar of Ru.
 21720 | Lair:2   | Reached skill level 7 in Transmutations
 21758 | Lair:2   | Reached ***** piety under Hepliaklqana
 22025 | Lair:3   | Found a gate leading to a gauntlet.
 22052 | Gauntlet | Entered a Gauntlet
 22052 | Gauntlet | Found a transporter.
 22052 | Gauntlet | Found a runed translucent door.
 22052 | Gauntlet | Found a transporter.
 22102 | Gauntlet | Found a runed translucent door.
 22113 | Gauntlet | Found a transporter.
 22131 | Gauntlet | Found a transporter.
 22131 | Gauntlet | Found a transporter.
 22134 | Gauntlet | Found a transporter.
 22134 | Gauntlet | Found a transporter.
 22135 | Gauntlet | Found a transporter.
 22146 | Gauntlet | Found a transporter.
 22164 | Gauntlet | Found a transporter.
 22174 | Gauntlet | Found a transporter.
 22191 | Gauntlet | Found a transporter.
 22209 | Gauntlet | Found a transporter.
 22223 | Gauntlet | Found a transporter.
 22404 | Gauntlet | Identified the +6 eveningstar "Unamaul" {protect, rPois
                  | Str+4}
 22607 | Gauntlet | Reached XP level 14. HP: 45/89 MP: 7/26
 22616 | Gauntlet | Identified the ring of the Mantidfly {rC+ Int+3 Dex+3
                  | Slay+3 SInv}
 22760 | Gauntlet | Reached skill level 8 in Transmutations
 23000 | Lair:3   | Noticed Nessos
 23484 | Lair:3   | Found a staircase to the Snake Pit.
 23691 | Lair:3   | Noticed Fannar
 23706 | Lair:3   | Killed Fannar
 23861 | Lair:3   | Reached skill level 9 in Transmutations
 24243 | Lair:3   | Reached skill level 10 in Transmutations
 24516 | Lair:3   | Found a staircase to the Swamp.
 25262 | Lair:4   | Noticed Urug
 25267 | Lair:4   | Killed Urug
 25271 | Lair:4   | Reached skill level 11 in Transmutations
 25669 | Lair:4   | Reached skill level 12 in Transmutations
 26287 | Lair:4   | Mangled by an eight-headed hydra

Illustrated notes

Levels and vault maps discovered:
D:1:      dpeg_arrival_three_smaller_balls, layout_basic, serial_shops, shop,
          shapermc_ecumenical_altar_gd, minmay_vboxes
D:2:      layout_loops_corners
D:3:      layout_rooms, overflow_temple_1_default,
          nicolae_sif_muna_condensation, nicolae_ashenzari_panopticon,
          uniq_grinder, uniq_ijyb
D:4:      layout_gridville, gup_sewer_entry_glass, nicolae_stop_n_shop_2,
          uniq_pikel
D:5:      layout_cave_pools, nicolae_ru_awakened_eye, uniq_duvessa
D:6:      layout_loops_corners, nicolae_kite_square_tiling_tiny, uniq_eustachio,
          uniq_crazy_yiuf_cottage
D:7:      minmay_angry_zag, layout_cave_pools, minmay_temple_entry_glassed_door,
          serial_shops, nicolae_shop_trees, serial_gnoll_camp,
          gnoll_camp_mini_doghouse, gnoll_camp_huts_basic, gnoll_camp_mini_hut,
          gnoll_camp_mini_hut, gnoll_camp_medium_01, gnoll_camp_mini_basic,
          chequers_decorated_corner, uniq_prince_ribbit1
D:8:      layout_rooms, centaur_isle, uniq_joseph, uniq_maggie
D:9:      hangedman_cross_veins, layout_irregular_city, serial_column_ruins,
          column_ruins_hut_ruined, column_ruins_circle_medium,
          column_ruins_grid_1, column_ruins_columns_dead_end,
          column_ruins_grid_1, column_ruins_grid_1, column_ruins_grid_3,
          uniq_erica
D:10:     layout_cave_pools, mainiacjoe_overflow_concentric_impassable,
          mainiacjoe_overflow_swirl, grunt_temple_overflow_diamond
D:11:     cheibrodos_ideogram_h, layout_rooms, david_lair_generic, orc_0_dummy,
          elyvilon_altar_1, uniq_sonja
Temple:   hellmonk_temple_flake
Lair:1:   gammafunk_lair_enchanted_lake, layout_small_grid,
          grunt_forest_large_clearings, grunt_megastairs_2
Lair:2:   layout_regular_city, basic_altar, lemuel_fruit_tree
Lair:3:   layout_hall_layers, palyth_hydra_swamp_entry, dummy_snake_entry,
          gauntlet_entry_generic, uniq_fannar, uniq_nessos
Lair:4:   layout_loops_ring, grunt_megastairs_5, infiniplex_staircase_pool,
          serial_bayou_shore_a, lemuel_fruit_fields, uniq_urug

Skill      XL: |  1  2  3  4  5  6  7  8  9 10 11 12 13 14 |
---------------+-------------------------------------------+-----
Stealth        | 3 4 5 |  5.0
Spellcasting   | 2 3 4 5 6 7 8 9 |  9.0
Fighting       | 1 2 3 4 6 7 9 10 | 10.0
Short Blades   | 1 2 |  2.0
Conjurations   | 2 3 5 6 |  6.0
Poison Magic   | 3 4 5 6 |  6.0
Dodging        | 2 3 4 5 6 |  6.0
Translocations | 2 4 5 6 |  6.0
Air Magic      | 5 6 7 8 9 10 | 10.0
Summonings     | 4 5 6 |  6.0
Shields        | 4 |  4.5
Evocations     | 3 |  3.0
Throwing       | 2 |  2.0
Unarmed Combat | 2 |  2.0
Transmutations | 7 12 | 12.7
Ice Magic      | 6 |  6.0

Action                     |  1- 3 |  4- 6 |  7- 9 | 10-12 | 13-15 || total
---------------------------+-------+-------+-------+-------+-------++-------
  Melee: Dagger            |    22 |    39 |    37 |       |       ||    98
         Tentacles         |     5 |     7 |    15 |    12 |    16 ||    55
         Constrict         |     1 |    11 |    18 |     8 |    16 ||    54
         Punch             |     1 |       |     1 |     1 |       ||     3
         Short sword       |       |       |    21 |    57 |    11 ||    89
         Staff             |       |       |       |       |    54 ||    54
  Throw: Boomerang         |       |       |     5 |    14 |       ||    19
         Dart              |       |       |       |     1 |     4 ||     5
         Javelin           |       |       |       |       |     5 ||     5
   Cast: Shock             |    64 |    54 |    68 |    78 |    34 ||   298
         Sting             |     7 |    35 |    15 |       |       ||    57
         Mephitic Cloud    |       |     1 |    17 |    33 |    12 ||    63
         Poisonous Vapours |       |       |    87 |   130 |    21 ||   238
         Summon Lightning  |       |       |    16 |    58 |    59 ||   133
         Vhi's Electric Ch |       |       |     1 |     1 |       ||     2
         Freezing Cloud    |       |       |       |       |    86 ||    86
         Iskenderun's Myst |       |       |       |       |     1 ||     1
 Invoke: Recall Ancestor   |       |       |     4 |     4 |       ||     8
         Ancestor Identity |       |       |     1 |       |       ||     1
         Ancestor Life: He |       |       |     1 |       |       ||     1
  Evoke: Box of beasts     |       |       |       |       |     1 ||     1
    Use: Scroll            |       |     6 |     2 |    13 |     8 ||    29
         Potion            |       |     4 |       |     4 |     3 ||    11
   Stab: Sleeping          |     1 |     5 |     4 |       |       ||    10
         Distracted        |       |       |     1 |     1 |     3 ||     5
         Confused          |       |       |       |     6 |     1 ||     7
 Armour: Skin              |     2 |     6 |     3 |    11 |    14 ||    36
  Dodge: Dodged            |    15 |    71 |    41 |    46 |    62 ||   235
  Block: Buckler           |       |       |       |    15 |    39 ||    54
